 Dungeon Sprint DCSS version 0.29-a0-837-g174bc33265 (webtiles) character file.

Game seed: 5423056290374164992

1765 Conn the Arsonist (level 9, -7/55 HPs)
             Began as an Octopode Fire Elementalist on July 13, 2022.
             Was a High Priest of Sif Muna.
             Mangled by a shadow wraith (17 damage)
             ... in the Dungeon (Sprint VII: "The Pits").
             The game lasted 00:13:05 (1547 turns).

Conn the Arsonist (Octopode Fire Elementalist)      Turns: 1547, Time: 00:13:16

Health: -7/55      AC:  4    Str:  7    XL:     9   Next: 7%
Magic:  17/22      EV: 15    Int: 25    God:    Sif Muna [*****.]
Gold:   0          SH:  0    Dex: 12    Spells: 3/26 levels left

rFire   . . .      SeeInvis .   l - +2 dagger (protect)
rCold   . . .      Faith    .   (no shield)
rNeg    . . .      Spirit   .   (helmet restricted)
rPois   .          Reflect  .   (no amulet)
rElec   .          Harm     .   f - +3 ring of protection
rCorr   .          Rampage  .   j - +3 ring of intelligence
Will    .....      NoTele   +   (no ring)
Stlth   +++++.....              (no ring)
HPRegen 0.18/turn               (no ring)
MPRegen 0.18/turn               (no ring)
                                (no ring)
                                (no ring)

@: slowed, invisible, very slow
A: almost no armour, amphibious, 8 rings, camouflage 1, gelatinous body 1,
(nimble swimmer 1), tentacles
a: Renounce Religion, Channel Magic, Forget Spell, Divine Exegesis


You were in the Dungeon.
You worshipped Sif Muna.
Sif Muna was extremely pleased with you.
You visited 1 branch

Inventory:

Hand Weapons
 g - a +2 dagger
 k - a +1 flail of protection
 l - a +2 dagger of protection (weapon)
 n - a +2 rapier of venom
Jewellery
 f - a +3 ring of protection (left tentacle)
 j - a +3 ring of intelligence (right tentacle)
Scrolls
 i - 5 scrolls of amnesia
Potions
 a - 5 potions of magic
 b - 8 potions of curing
 c - 11 potions of heal wounds
 d - a potion of haste
 e - 3 potions of berserk rage
 m - 2 potions of brilliance


   Skills:
 + Level 2.6 Fighting
 + Level 3.5 Short Blades
 + Level 5.8 Maces & Flails
 + Level 6.2 Dodging
 + Level 7.6 Stealth
 + Level 9.4 Spellcasting
 * Level 8.2 Conjurations
 + Level 11.0 Fire Magic


You had 3 spell levels left.
You knew the following spells:

 Your Spells              Type           Power      Damage    Failure   Level
a - Foxfire               Conj/Fire      100%       2x1d9     1%          1
b - Conjure Flame         Conj/Fire      56%        6-21      1%          3
c - Inner Flame           Hex/Fire       39%        N/A       1%          3
d - Flame Wave            Conj/Fire      56%        2d11      1%          4
e - Scorch                Fire           100%       2d10      1%          2
f - Sticky Flame          Conj/Fire      56%        2d7       1%          4
g - Starburst             Conj/Fire      28%        6d9       16%         6

Your spell library contained the following spells:

 Spells                   Type           Power      Damage    Failure   Level
 Hailstorm                Conj/Ice       32%        3d8       10%         4
 Ice Form                 Ice/Tmut       11%        N/A       45%         4
 Orb of Destruction       Conj           26%        9d9       83%         7
 Simulacrum               Ice/Necr       5%         N/A       100%        6


Dungeon Overview and Level Annotations

Branches:
Dungeon (1/1)

Altars:
Ashenzari
Cheibriados
Dithmenos
Elyvilon
Fedhas
Gozag
Hepliaklqana
Kikubaaqudgha
Makhleb
Nemelex Xobeh
Okawaru
Qazlal
Ru
Sif Muna
Trog
Uskayaw
Vehumet
Wu Jian
Xom
Yredelemnul
Zin
The Shining One
Jiyva
Lugonu


Innate Abilities, Weirdness & Mutations

You cannot wear most types of armour.
You are amphibious.
You can wear up to eight rings at the same time.
Your skin changes colour to match your surroundings (Stealth+).
Your rubbery body absorbs attacks. (AC +1, EV +1)
((You are camouflaged when in or above water. (Stealth+)))
You have tentacles for arms and can constrict up to eight enemies at once.


Message History

You conjure some foxfire!
The foxfire hits something. x2
Unknown command.
Casting: Foxfire (safe; 1% risk of failure)
Confirm with . or Enter, or press ? or * to list all spells.
Flames lash something.
The foxfire hits something but does no damage. x2
Unknown command.
Casting: Scorch (safe; 1% risk of failure)
Confirm with . or Enter, or press ? or * to list all spells.
Flames lash the ynoxinul.
The ynoxinul is moderately wounded.
The ynoxinul's fire resistance burns away.
Something hits you! Something drains your vigour!
You feel yourself slow down.
Deactivating autopickup; reactivate with Ctrl-A.
Casting: Scorch (safe; 1% risk of failure)
Confirm with . or Enter, or press ? or * to list all spells.
Okay, then.
Okay, then.
Press: ? - help, v - describe, . - travel
Here: a ynoxinul (moderately wounded, more vulnerable to fire)
The floor.
Unknown command.
You fade into invisibility!
The ynoxinul closely misses you. Something barely misses you.
Something hits you! Something drains your vigour!
You feel as though you will be slow longer.
The ynoxinul hits you.
Unknown command.
Something hits you!!
* * * LOW HITPOINT WARNING * * *
Something drains your vigour!
You feel as though you will be slow longer.
You feel much better.
The ynoxinul gestures at the quokka skeleton.
The iron shot hits the quokka skeleton!!
The quokka skeleton is destroyed!
Something hits you!!
* * * LOW HITPOINT WARNING * * *
Something hits you!
You die...

#..# #Z.# ##########
#..# .....##..# #.3#
)....##..# #..#
.[..)''..# #..#
.)...''..##########..#
.....##..............#
.....##.........@{.3.#
######################


You could see a ynoxinul (unable to see you, combustible).

Vanquished Creatures
  A flayed ghost (D)
  A merfolk siren (D)
  Prince Ribbit (D)
  Sigmund (D)
  An acid dragon (D)
  A floating eye (D)
  3 killer bees (D)
  A crimson imp (D)
  A gnoll bouda (D)
  An orc wizard (D)
  4 gnolls (D)
  A river rat (D)
  An adder zombie (D)
  2 orcs (D)
  3 giant cockroaches (D)
  A kobold (D)
  2 quokkas (D)
  2 bats (D)
  A frilled lizard (D)
  A quokka skeleton (D)
  A quokka zombie (D)
  A rat (D)
32 creatures vanquished.

Vanquished Creatures (collateral kills)
  An orc warrior (D)
1 creature vanquished.

Vanquished Creatures (others)
  A quokka skeleton (D)
  114 foxfires (D)
115 creatures vanquished.

Grand Total: 148 creatures vanquished

Notes
Turn   | Place    | Note
-------+----------+-------------------------------------------
     0 | D        | Conn the Octopode Fire Elementalist began the quest for the
                  | Orb.
     0 | D        | Reached XP level 1. HP: 11/11 MP: 3/3
    71 | D        | Found a glowing golden altar of the Shining One.
    71 | D        | Found a glowing silver altar of Zin.
    71 | D        | Found a basalt altar of Yredelemnul.
    71 | D        | Found a shimmering altar of Xom.
    71 | D        | Found an ornate altar of the Wu Jian Council.
    71 | D        | Found a bloodstained altar of Trog.
    71 | D        | Found a shimmering blue altar of Sif Muna.
    71 | D        | Found a sacrificial altar of Ru.
    71 | D        | Found a stormy altar of Qazlal.
    71 | D        | Found an iron altar of Okawaru.
    71 | D        | Found a sparkling altar of Nemelex Xobeh.
    71 | D        | Found a burning altar of Makhleb.
    71 | D        | Found a viscous altar of Jiyva.
    71 | D        | Found a hazy altar of Hepliaklqana.
    71 | D        | Found an opulent altar of Gozag.
    71 | D        | Found a blossoming altar of Fedhas.
    71 | D        | Found a white marble altar of Elyvilon.
    71 | D        | Found a shadowy altar of Dithmenos.
    71 | D        | Found a snail-covered altar of Cheibriados.
    72 | D        | Found a radiant altar of Vehumet.
    72 | D        | Found a corrupted altar of Lugonu.
    73 | D        | Found an ancient bone altar of Kikubaaqudgha.
    73 | D        | Found a hide-covered altar of Uskayaw.
    73 | D        | Found a broken altar of Ashenzari.
    74 | D        | Became a worshipper of Sif Muna the Loreminder
   122 | D        | Reached * piety under Sif Muna
   128 | D        | Reached skill level 4 in Fire Magic
   128 | D        | Reached XP level 2. HP: 5/17 MP: 3/5
   357 | D        | Learned a level 2 spell: Scorch
   365 | D        | Reached ** piety under Sif Muna
   491 | D        | Noticed an ogre
   491 | D        | Noticed an orc warrior
   530 | D        | Reached *** piety under Sif Muna
   531 | D        | Reached skill level 1 in Maces & Flails
   531 | D        | Reached skill level 5 in Fire Magic
   531 | D        | Reached XP level 3. HP: 12/22 MP: 1/7
   532 | D        | Reached XP level 4. HP: 15/27 MP: 1/9
   595 | D        | Reached **** piety under Sif Muna
   596 | D        | Reached skill level 6 in Fire Magic
   718 | D        | Learned a level 3 spell: Conjure Flame
   728 | D        | Learned a level 3 spell: Inner Flame
   733 | D        | Killed an orc warrior
   734 | D        | Reached skill level 1 in Fighting
   734 | D        | Reached skill level 1 in Short Blades
   734 | D        | Reached skill level 5 in Spellcasting
   734 | D        | Reached skill level 7 in Fire Magic
   734 | D        | Reached XP level 5. HP: 10/33 MP: 10/12
   740 | D        | Noticed a merfolk siren
   740 | D        | Noticed a flayed ghost
   756 | D        | Killed a flayed ghost
   757 | D        | Reached skill level 5 in Maces & Flails
   757 | D        | Reached skill level 5 in Dodging
   757 | D        | Reached skill level 9 in Fire Magic
   757 | D        | Reached XP level 6. HP: 15/39 MP: 3/16
   757 | D        | Reached XP level 7. HP: 16/44 MP: 3/18
   814 | D        | Reached ***** piety under Sif Muna
   814 | D        | Received a gift from Sif Muna
   815 | D        | Got Sif Muna's Folio of Combat Magic {god gift}
   821 | D        | Learned a level 4 spell: Flame Wave
   826 | D        | Learned a level 4 spell: Sticky Flame
   924 | D        | Noticed Prince Ribbit
   930 | D        | Killed Prince Ribbit
   931 | D        | Reached XP level 8. HP: 43/50 MP: 13/19
   981 | D        | Reached skill level 10 in Fire Magic
   988 | D        | Learned a level 6 spell: Starburst
  1097 | D        | Noticed Sigmund
  1111 | D        | Killed Sigmund
  1113 | D        | Received a gift from Sif Muna
  1486 | D        | Killed a merfolk siren
  1487 | D        | Reached skill level 11 in Fire Magic
  1487 | D        | Reached XP level 9. HP: 55/55 MP: 14/22
  1547 | D        | Mangled by a shadow wraith

Illustrated notes

Levels and vault maps discovered:
D:        pitsprint [storerooms_1, entrance_room_1, metal_vault_4, armoury_2,
          mini_pit_1, grid_room_1, main_hall_1, silver_pit, the_coven_3,
          the_vestibule_1, steel_vault_5, golden_pit, hallway_of_sentries,
          crystal_vault_1, iron_vault_4, final_vault]

Skill      XL: |  1  2  3  4  5  6  7  8 |
---------------+-------------------------+-----
Stealth        | 3 4 6 7 |  7.6
Fire Magic     | 4 5 7 9 11 | 11.0
Maces & Flails | 1 3 5 |  5.8
Dodging        | 3 4 5 6 |  6.2
Spellcasting   | 3 5 7 9 |  9.4
Conjurations   | 2 3 6 8 |  8.2
Fighting       | 1 2 |  2.6
Short Blades   | 1 2 3 |  3.5

Action                   |  1- 3 |  4- 6 |  7- 9 || total
-------------------------+-------+-------+-------++-------
Melee: Dagger            |    11 |       |     5 ||    16
       Constrict         |     7 |       |     1 ||     8
       Tentacles         |     7 |       |     1 ||     8
       Flail             |     8 |       |       ||     8
 Cast: Foxfire           |    16 |    21 |    33 ||    70
       Scorch            |       |       |    13 ||    13
       Inner Flame       |       |       |     1 ||     1
  Use: Potion            |     1 |     1 |     2 ||     4
       Scroll            |       |     2 |       ||     2
 Stab: Sleeping          |       |       |     2 ||     2
Armor: Skin              |     3 |       |     1 ||     4
Dodge: Dodged            |    14 |       |     7 ||    21

Table legend: (Time is in decaauts)
 A = Elapsed time spent in this place.
 B = Non-inter-level travel time spent in this place.
 C = Inter-level travel time spent in this place.
 D = Time resting spent in this place.
 E = Time spent auto-exploring this place.
 F = Levels seen in this place.
 G = Mean time per level.
                   A        B        C        D        E       F      G
               +--------+--------+--------+--------+--------+-----+--------+
         Total |   1554 |   1554 |      0 |    828 |     97 |   1 | 1554.0 |
       Dungeon |   1554 |   1554 |      0 |    828 |     97 |   1 | 1554.0 |
               +--------+--------+--------+--------+--------+-----+--------+

Top non-repeatable levels by time:
       D: 1554 daAuts
